 Dungeon Crawl Stone Soup version 0.31-a0-640-g39d97e502b (webtiles) character file.

Game seed: 13312757063840698115

40 Babbit the Magician (level 3, -4/31 HPs)
             Began as a Troll Hedge Wizard on Aug 27, 2023.
             Slain by Terence
             ... wielding a +0 flail
              (10 damage)
             ... on level 2 of the Dungeon.
             The game lasted 00:13:11 (1873 turns).

Babbit the Magician (Troll Hedge Wizard)            Turns: 1873, Time: 00:13:12

Health: -4/31      AC:  4    Str: 18    XL:     3   Next: 30%
Magic:  2/5        EV:  9    Int: 12    God:
Gold:   90         SH:  0    Dex:  9    Spells: 5/6 levels left

rFire   . . .        a - +2 short sword (flame)
rCold   . . .        (no shield)
rNeg    . . .        b - +0 robe
rPois   .            c - +0 hat
rElec   .            (no cloak)
rCorr   .            (gloves unavailable)
SInv    .            (boots unavailable)
Will    .....        (no amulet)
Stlth   +            l - ring of wizardry
HPRegen 1.05/turn    (no ring)
MPRegen 0.09/turn

%: wizardry (x1)
@: studying Ranged Weapons
A: large, unfitting armour, claws 3, regeneration 1, shaggy fur 1, tough skin 1
a: no special abilities


You were on level 2 of the Dungeon.
You visited 1 branch of the dungeon, and saw 2 of its levels.

You collected 90 gold pieces.

Inventory:

Hand Weapons
 a - a +2 short sword of flaming (weapon)
Armour
 b - a +0 robe (worn)
 c - a +0 hat (worn)
Magical Staves
 f - a staff of air
Jewellery
 l - a ring of wizardry (left claw)
Scrolls
 e - a scroll of poison {unknown}
 g - 2 scrolls of noise {unknown}
 i - a scroll of fog {unknown}
 j - a scroll of enchant armour {unknown}
 m - a scroll of revelation {unknown}
 n - a scroll of immolation {unknown}
Potions
 h - a potion of mutation {unknown}
 k - a potion of attraction {unknown}


   Skills:
 + Level 0.3 Fighting
 + Level 0.5 Short Blades
 + Level 1.9 Dodging
 + Level 1.1 Stealth
 + Level 2.3 Spellcasting
 + Level 1.0 Conjurations
 + Level 0.6 Summonings
 + Level 0.6 Translocations


You had 5 spell levels left.
You knew the following spells:

 Your Spells              Type           Power      Damage    Failure   Level
a - Magic Dart            Conj           12%        1d3       7%          1

Your spell library contained the following spells:

 Spells                   Type           Power      Damage    Failure   Level
 Freeze                   Ice            4%         1d3       11%         1
 Slow                     Hex            4%         N/A       11%         1
 Blink                    Tloc           4%         N/A       12%         2
 Call Imp                 Summ           4%         N/A       12%         2
 Cigotuvi's Dreadful Rot  Necr/Pois/Air  2%         N/A       16%         2
 Hailstorm                Conj/Ice       2%         3d3       26%         3
 Mephitic Cloud           Conj/Pois/Air  2%         N/A       26%         3
 Frozen Ramparts          Ice            2%         1d1       30%         3


Dungeon Overview and Level Annotations

Branches:
Dungeon (2/15)

Altars:

Shops:
D:2 :

Annotations:
D:2 Terence


Innate Abilities, Weirdness & Mutations

You are too large for most types of armour.
You have claws for hands.
Your natural rate of healing is unusually fast.
You are covered in fur. (AC +1)
You have tough skin. (AC +1)


Message History

The magic dart hits Terence.
Terence is moderately wounded.
Terence hits you with a +0 flail.
You hit Terence. You burn Terence.
Terence is moderately wounded.
Terence hits you with a +0 flail!
You closely miss Terence.
Terence is moderately wounded.
Terence completely misses you.
You closely miss Terence.
Terence is moderately wounded.
Terence hits you with a +0 flail. Magic courses through your body.
Terence hits you with a +0 flail.
Casting: Magic Dart (safe; 7% risk of failure)
Confirm with . or Enter, or press ? or * to list all spells.
Aiming: Magic Dart (safe; 7% risk of failure)
Press: ? - help, Shift-Dir - straight line, f/p - Terence
Aim: Terence, wielding a +0 flail and wearing a +0 scale mail (moderately wounded, 100% to hit)
The magic dart hits Terence but does no damage.
Terence is moderately wounded.
Terence hits you with a +0 flail!
* * * LOW HITPOINT WARNING * * *
Casting: Magic Dart (safe; 7% risk of failure)
Confirm with . or Enter, or press ? or * to list all spells.
Aiming: Magic Dart (safe; 7% risk of failure)
Press: ? - help, Shift-Dir - straight line, f/p - Terence
Aim: Terence, wielding a +0 flail and wearing a +0 scale mail (moderately wounded, 100% to hit)
The magic dart hits Terence but does no damage.
Terence is moderately wounded.
Terence hits you with a +0 flail.
* * * LOW HITPOINT WARNING * * *
Casting: Magic Dart (safe; 7% risk of failure)
Confirm with . or Enter, or press ? or * to list all spells.
Aiming: Magic Dart (safe; 7% risk of failure)
Press: ? - help, Shift-Dir - straight line, f/p - Terence
Aim: Terence, wielding a +0 flail and wearing a +0 scale mail (moderately wounded, 100% to hit)
The magic dart hits Terence but does no damage.
Terence is moderately wounded.
Terence hits you with a +0 flail!
You die...

####### ##.....##
#####..⌠...⌠#
#.....#.....# #
######......⌠._..# .
#....#....##†....# #
#.#....#........⌠..#####
.
#.....@@................
#
.......####.#...##.#####
#...... #.....#...#
##### #......
#####.#.#.# .... #......
#.#.#.# ...# #.....#
#.#.#.# ...# ...##.
#.#.#.# ...# ... #.
#.#.#.# ...# ..# #.#.#
#.#.#.#


You could see Terence.

Vanquished Creatures
  A worm (D:2)
  A dart slug (D:1)
  2 bats (D:1)
  2 endoplasms
  2 giant cockroaches (D:2)
  9 goblins
  3 hobgoblins (D:1)
  A quokka (D:1)
  3 ball pythons (D:2)
  3 frilled lizards
  2 kobolds
  2 rats
31 creatures vanquished.

Notes
Turn   | Place    | Note
-------+----------+-------------------------------------------
     0 | D:1      | Babbit the Troll Hedge Wizard began the quest for the Orb.
     0 | D:1      | Reached XP level 1. HP: 16/16 MP: 2/2
   278 | D:1      | Reached XP level 2. HP: 24/24 MP: 4/4
  1219 | D:2      | Reached XP level 3. HP: 30/31 MP: 0/5
  1310 | D:2      | Found Oviud's Vocational Training.
  1695 | D:2      | Reached skill level 1 in Conjurations
  1791 | D:2      | Found a faded altar of an unknown god.
  1850 | D:2      | Noticed Terence
  1873 | D:2      | Slain by Terence

Illustrated notes

Levels and vault maps discovered:
D:1:      dpeg_arrival_line_fractal, layout_loops_ring
D:2:      cheibrodos_old_hovel, layout_basic, hellmonk_ecumenical_altar_run_dry,
          serial_co_window_serial, co_window_paths_b, co_window_corner_a,
          co_window_of_opportunity_a, co_window_corner_a, co_window_corner_a,
          co_window_broadway_b, co_window_paths_c, co_window_corner_ca,
          co_window_corner_b, co_window_broadway_b, co_window_cross_2,
          glass_columns_a, glass_columns_c, nicolae_shop_vocational,
          uniq_terence

Skill      XL: |  1  2  3 |
---------------+----------+-----
Conjurations   | 1 |  1.0
Fighting       | |  0.3
Short Blades   | |  0.5
Dodging        | |  1.9
Stealth        | |  1.1
Spellcasting   | |  2.3
Summonings     | |  0.6
Translocations | |  0.6

Action                     || total
---------------------------++-------
  Melee: Dagger            ||    21
         Punch             ||     2
         Short sword       ||    57
         Whip              ||     5
   Cast: Magic Dart        ||    66
    Use: Potion            ||     1
   Stab: Sleeping          ||     1
 Armour: Robe              ||    11
  Dodge: Dodged            ||    36

Table legend: (Time is in decaauts)
 A = Elapsed time spent in this place.
 B = Non-inter-level travel time spent in this place.
 C = Inter-level travel time spent in this place.
 D = Time resting spent in this place.
 E = Time spent auto-exploring this place.
 F = Levels seen in this place.
 G = Mean time per level.
                   A        B        C        D        E       F      G
               +--------+--------+--------+--------+--------+-----+--------+
         Total |   1868 |   1820 |     48 |    318 |   1203 |   2 |  934.0 |
       Dungeon |   1868 |   1820 |     48 |    318 |   1203 |   2 |  934.0 |
               +--------+--------+--------+--------+--------+-----+--------+

Top non-repeatable levels by time:
     D:1: 935 daAuts
     D:2: 933 daAuts
